 Dungeon Crawl Stone Soup version 0.12.3 (webtiles) character file.

46 Chiseanne the Grave Robber (level 2, -2/20 HPs)
             Began as a Minotaur Necromancer on Sept 27, 2013.
             Slain by a worm (10 damage)
             ... on Level 2 of the Dungeon.
             The game lasted 00:03:48 (929 turns).

Chiseanne the Grave Robber (Minotaur Necromancer)    Turns: 929, Time: 00:03:48

HP  -2/20        AC  2     Str 12      XL: 2   Next: 55%
MP   1/3         EV 12     Int 12      God:
Gold 27          SH  0     Dex 10      Spells:  2 memorised,  1 level left

Res.Fire  : . . .   See Invis. : .   l - +0 dwarf dagger
Res.Cold  : . . .   Warding    : .   a - +0 robe
Life Prot.: . . .   Conserve   : .   (no shield)
Res.Poison: .       Res.Corr.  : .   (helmet restricted)
Res.Elec. : .       Clarity    : .   (no cloak)
Sust.Abil.: . .     Spirit.Shd : .   (no gloves)
Res.Mut.  : .       Stasis     : .   (no boots)
Res.Rott. : .       Ctrl.Telep.: .   (no amulet)
Saprovore : . . .   Flight     : .   (no ring)
                                     (no ring)

@: not resistant to hostile enchantments, unstealthy
A: retaliatory headbutt, horns 2
a: no special abilities


You were on level 2 of the Dungeon.
You were not hungry.

You visited 1 branch of the dungeon, and saw 2 of its levels.

You collected 7 gold pieces.

Inventory:

Hand weapons
 l - a +0,+0 dwarven dagger (weapon)
Missiles
 g - 46 darts (quivered)
Armour
 a - a +0 robe (worn)
Comestibles
 c - a bread ration
 h - 2 rotting chunks of goblin flesh
 k - a meat ration
 m - 4 chunks of jackal flesh
Scrolls
 e - 2 scrolls of identify {unknown}
Potions
 d - a potion of heal wounds
 i - a potion of curing {unknown}
Books
 b - a book of Necromancy

   Spells                             Type                      Level
   *Pain                              Necromancy                   1
   *Animate Skeleton                  Necromancy                   1
   Lethal Infusion                    Charms/Necromancy            2
   Vampiric Draining                  Necromancy                   3
   Regeneration                       Charms/Necromancy            3
   Animate Dead                       Necromancy                   4
   Control Undead                     Necromancy                   4


   Skills:
 * Level 0.2 Fighting
 * Level 2.4 Dodging
 - Level 1.5 Stealth
 * Level 1.3 Spellcasting
 * Level 3.2 Necromancy


You had one spell level left.
You knew the following spells:

 Your Spells              Type           Power        Failure   Level  Hunger
a - Pain                  Necr           ##...        10%         1    ##.....
b - Animate Skeleton      Necr           N/A          10%         1    ##.....


Dungeon Overview and Level Annotations

Branches:
Dungeon (2/27)

Altars:


Innate Abilities, Weirdness & Mutations

You reflexively headbutt those who attack you in melee.
You have a pair of horns on your head.


Message History

You don't have enough magic to cast that spell.
You hit the worm but do no damage. Your headbutt misses the worm.
You barely miss the worm. You headbutt the worm!
The worm is moderately wounded.
Your hobgoblin skeleton hits the worm.
You hit the worm.
The worm is severely wounded.
The worm bites you!
Ouch! That really hurt!
Your hobgoblin skeleton hits the worm.
Your hobgoblin skeleton hits the worm but does no damage.
There is a stone staircase leading up here.
You completely miss the worm.
The worm is severely wounded.
Your hobgoblin skeleton hits the worm.
You hit the worm.
The worm is almost dead.
The worm bites you!
Ouch! That really hurt!
You die...

.
##############..
................
.................
#.......[%.#
#.......w@.#
#.......z..#
###########


You could see a worm and a friendly hobgoblin skeleton.

Vanquished Creatures
  2 hobgoblins
  4 jackals (D:1)
  3 kobolds
  A giant newt (D:1)
  4 goblins (D:1)
  3 rats (D:1)
17 creatures vanquished.

Vanquished Creatures (collateral kills)
  A kobold (D:1)
  A rat (D:2)
2 creatures vanquished.

Vanquished Creatures (others)
  A giant newt skeleton (D:1)
  3 goblin skeletons (D:1)
  A kobold skeleton (D:1)
  2 rat skeletons (D:1)
7 creatures vanquished.

Grand Total: 26 creatures vanquished

Notes
Turn   | Place    | Note
--------------------------------------------------------------
     0 | D:1      | Chiseanne, the Minotaur Necromancer, began the quest for the Orb.
     0 | D:1      | Reached XP level 1. HP: 14/14 MP: 3/3
    19 | D:1      | Reached skill level 3 in Necromancy
    27 | D:1      | Learned a level 1 spell: Animate Skeleton
   600 | D:1      | Reached XP level 2. HP: 15/20 MP: 0/3
   929 | D:2      | Slain by a worm

Action                   || total
-------------------------++-------
Melee: Unarmed           ||     9
       Whip              ||     9
       Dagger            ||    18
 Cast: Pain              ||    18
       Animate Skeleton  ||    10
  Use: Potion            ||     1
